 Dungeon Crawl Stone Soup version 0.28.0 (webtiles) character file.

Game seed: 4515852273715885804

16293 BALLS the Carver (level 12, -9/69 HPs)
             Began as a Vine Stalker Fighter on Feb 22, 2022.
             Was a High Priest of Okawaru.
             Mangled by a blink frog (14 damage)
             ... on level 2 of the Lair of Beasts.
             The game lasted 00:22:34 (10482 turns).

BALLS the Carver (Vine Stalker Fighter)            Turns: 10482, Time: 00:22:35

Health: -9/69      AC: 11    Str: 23    XL:     12   Next: 36%
Magic:  0/16       EV:  9    Int: 11    God:    Okawaru [*****.]
Gold:   500        SH:  6    Dex: 18    Spells: 11/11 levels left

rFire   + . .      SeeInvis .   p - +5 double sword (holy)
rCold   + . .      Faith    .   v - +0 buckler {reflect}
rNeg    . . .      Spirit   +   b - +0 scale mail
rPois   +          Reflect  +   H - +2 hat {Int+3}
rElec   .          Harm     .   I - scarf {rC+ rF+}
rCorr   .          Rampage  .   t - +1 pair of gloves
Will    ++...                   (no boots)
Stlth   +.........              (no amulet)
HPRegen 1.01/turn               q - ring of poison resistance
MPRegen 0.15/turn               D - ring of Spring {rPois Will+ Dex+3 Slay+4 Stlth+}

@: no status effects
A: fangs 3, regeneration 1, magic shield, antimagic bite, no potion heal 2
a: Renounce Religion, Heroism, Finesse, Duel


You were on level 2 of the Lair of Beasts.
You worshipped Okawaru.
Okawaru was extremely pleased with you.
You visited 3 branches of the dungeon, and saw 14 of its levels.

You collected 663 gold pieces.
You spent 163 gold pieces at shops.

Inventory:

Hand Weapons
 p - a +5 double sword of holy wrath (weapon)
Missiles
 y - 4 throwing nets (quivered)
Armour
 b - a +0 scale mail (worn)
 d - a +2 cloak
 t - a +1 pair of gloves (worn)
 v - a +0 buckler of reflection (worn)
 H - a +2 hat of intelligence (worn)
 I - a scarf of resistance (worn)
Jewellery
 q - a ring of poison resistance (left hand)
 C - a ring of resist corrosion
 D - the ring of Spring (right hand) {rPois Will+ Dex+3 Slay+4 Stlth+}
   (You found it on level 7 of the Dungeon)

   [ring of slaying]

   Dex:       It affects your dexterity (+3).
   Slay:      It affects your accuracy & damage with ranged weapons and melee
   (+4).
   rPois:     It protects you from poison.
   Will:      It increases your willpower.
   Stlth:     It makes you more stealthy.
Wands
 n - a wand of flame (16)
 s - a wand of mindburst (19)
 B - a wand of digging (4)
 G - a wand of acid (18)
Scrolls
 a - 3 scrolls of immolation {unknown}
 g - 3 scrolls of enchant armour
 h - 3 scrolls of teleportation
 m - a scroll of holy word
 o - 3 scrolls of magic mapping
 w - a scroll of vulnerability {unknown}
 x - a scroll of amnesia {unknown}
 F - a scroll of summoning {unknown}
 J - 2 scrolls of fog {unknown}
Potions
 c - a potion of degeneration {unknown}
 e - 2 potions of attraction
 f - a potion of brilliance {unknown}
 i - a potion of magic {unknown}
 j - 6 potions of curing
 k - 2 potions of lignification
 l - 4 potions of flight
 r - a potion of invisibility {unknown}
 u - a potion of heal wounds {unknown}
 z - a potion of berserk rage {unknown}
 A - a potion of might
 E - a potion of haste


   Skills:
 + Level 10.7 Fighting
 + Level 11.5 Long Blades
 - Level 5.0 Armour
 - Level 8.0 Shields
 - Level 5.0 Invocations


You had 11 spell levels left.
You didn't know any spells.
Your spell library contained the following spells:

 Spells                   Type           Power      Damage    Failure   Level
 Apportation              Tloc           0%         N/A       71%         1
 Magic Dart               Conj           0%         1d3       71%         1
 Static Discharge         Conj/Air       0%         N/A       85%         2
 Sublimation of Blood     Necr           0%         N/A       85%         2
 Wereblood                Tmut           0%         N/A       85%         2
 Mephitic Cloud           Conj/Pois/Air  0%         N/A       97%         3
 Alistair's Intoxication  Tmut/Pois      0%         N/A       100%        5
 Lightning Bolt           Conj/Air       0%         1d11      100%        5
 Maxwell's Capacitive Co  Air            0%         ∞         100%        8
 Call Imp                 Summ           Unusable   N/A       N/A         2
 Summon Hydra             Summ           Unusable   N/A       N/A         7

Dungeon Overview and Level Annotations

Branches:
Dungeon (11/15)            Temple (1/1) D:5            Lair (2/6) D:10
    Orc (0/2) D:10
  Swamp: Lair:2-4    Shoals: Lair:2-4     Snake: Lair:2-4    Spider: Lair:2-4

Altars:
Ashenzari
Cheibriados
Dithmenos
Elyvilon
Fedhas
Gozag
Hepliaklqana
Kikubaaqudgha
Makhleb
Nemelex Xobeh
Okawaru
Qazlal
Ru
Sif Muna
Trog
Uskayaw
Vehumet
Wu Jian
Xom
Yredelemnul
Zin
The Shining One

Shops:
D:1 *   D:2 !   D:5 [[

Annotations:
D:5 2 transporters, Pashador's ghost, novice GnWr
D:10 exclusion: obsidian statue
D:11 Sonja


Innate Abilities, Weirdness & Mutations

You have razor-sharp teeth.
Your natural rate of healing is unusually fast.
When hurt, damage is shared between your health and your magic reserves.
Your bite disrupts and absorbs the magic of your enemies.
Potions cannot restore your health.


Message History

The blink frog blinks!
You slash the yak! You bite the yak, but do no damage.
The yak is almost dead.
The blink frog blinks! x2; The yak gores you but does no damage.
You block the yak's attack. The yak gores you but does no damage.
The blink frog blinks!
You slash the yak!
You kill the yak!
Okawaru accepts your kill.
The yak gores you. x2; The blink frog blinks!
You barely miss the blink frog. The yak gores you but does no damage.
The blink frog hits you! The yak gores you!
* * * LOW HITPOINT WARNING * * *
You slash the blink frog! Your bite misses the blink frog.
The blink frog is heavily wounded.
You block the blink frog's attack. The yak closely misses you.
The yak gores you but does no damage.
The blink frog blinks!
You slash the blink frog! Your bite misses the blink frog.
The blink frog is severely wounded.
The blink frog hits you!
* * * LOW HITPOINT WARNING * * *
The yak gores you but does no damage.
The blink frog blinks! x2
The yak gores you but does no damage. You block the blink frog's attack.
Okay, then.
The blink frog hits you but does no damage.
The yak barely misses you.
The blink frog hits you but does no damage.
The blink frog blinks!
The blink frog blinks!
The blink frog hits you but does no damage.
The blink frog blinks!
The blink frog hits you but does no damage.
The blink frog hits you!
* * * LOW HITPOINT WARNING * * *
The blink frog blinks!
You block the blink frog's attack. The blink frog hits you.
* * * LOW HITPOINT WARNING * * *
The blink frog hits you but does no damage.
The blink frog hits you!
You die...

.## ...P######
#.........## ....
............####....
..............P#.....
..........>...<.......
#............)...##...
#..............(##
#........$.<@...#
#.........YFF...#
#.........Y...#
#......§F.....#
###.#.†........# #.
#.......##.#
#....#.##### ##
........### .......##


You could see 2 yaks and 3 blink frogs.

Vanquished Creatures
  Harold (D:7)
  4 two-headed ogres
  4 skeletal warriors
  Nergalle (Lair:2)
  Joseph (D:7)
  A black mamba (Lair:1)
  2 cane toads (Lair:1)
  Maggie (D:6)
  A komodo dragon (D:10)
  2 shadows
  20 yaks
  Grum (D:8)
  A steam dragon (D:8)
  A basilisk (Lair:2)
  Menkaure (D:4)
  Edmund (D:4)
  3 water moccasins
  5 orc warriors
  An ice beast (D:7)
  3 sky beasts (D:7)
  A black bear (D:5)
  2 ogres
  3 wolves (D:8)
  6 centaurs
  6 bullfrogs
  Blork the orc (D:6)
  A gnoll sergeant (D:7)
  2 wyvern skeletons (D:7)
  A water moccasin skeleton (D:4)
  8 killer bees
  8 wights (D:8)
  2 howler monkeys
  5 centaur zombies
  A jelly (D:6)
  8 orc priests
  3 hounds
  A centaur skeleton (D:7)
  Crazy Yiuf (D:5)
  An iguana (D:6)
  9 orc wizards
  Natasha (twice) (D:4)
  A killer bee zombie (D:7)
  3 howler monkey zombies
  5 adders
  9 gnolls
  A shadow imp (D:6)
  A white imp (D:7)
  3 worms
  A dart slug (D:1)
  57 orcs
  6 endoplasms
  3 giant cockroaches
  7 goblins
  4 hobgoblins
  10 jackals
  A quokka (D:2)
  6 ball pythons
  3 bats
  4 frilled lizards
  9 kobolds
  21 rats
282 creatures vanquished.

Vanquished Creatures (others)
  A fungus (Lair:1)
  6 plants
7 creatures vanquished.

Grand Total: 289 creatures vanquished

Notes
Turn   | Place    | Note
-------+----------+-------------------------------------------
     0 | D:1      | BALLS the Vine Stalker Fighter began the quest for the Orb.
     0 | D:1      | Reached XP level 1. HP: 11/11 MP: 2/2
   270 | D:1      | Found Xuduf's General Store.
   280 | D:1      | Bought a scroll of identify for 22 gold pieces
   559 | D:1      | Reached XP level 2. HP: 11/16 MP: 3/3
   823 | D:1      | Reached skill level 2 in Long Blades
  1148 | D:2      | Found Sisu's Distillery.
  1155 | D:2      | Bought a potion of curing for 39 gold pieces
  1162 | D:2      | Reached XP level 3. HP: 15/20 MP: 4/4
  1369 | D:2      | You fall into a shaft and drop 2 floors!
  2084 | D:2      | Reached skill level 3 in Long Blades
  2300 | D:3      | Gained mutation: Your natural rate of healing is unusually
                  | fast. [Vine Stalker growth]
  2300 | D:3      | Reached XP level 4. HP: 18/24 MP: 5/5
  2938 | D:3      | Found a shimmering blue altar of Sif Muna.
  3075 | D:4      | Reached skill level 4 in Long Blades
  3189 | D:4      | Reached XP level 5. HP: 28/28 MP: 6/6
  3285 | D:4      | Noticed Edmund
  3295 | D:4      | HP: 1/21 [Edmund (4)]
  3296 | D:4      | Killed Edmund
  3297 | D:4      | Reached skill level 5 in Long Blades
  3297 | D:4      | Reached XP level 6. HP: 2/32 MP: 0/7
  3365 | D:4      | Found a stormy altar of Qazlal.
  3384 | D:4      | Found a shimmering altar of Xom.
  3463 | D:4      | Noticed Natasha
  3475 | D:4      | Killed Natasha
  3483 | D:4      | Noticed Menkaure
  3496 | D:4      | Killed Menkaure
  3497 | D:4      | Reached skill level 6 in Long Blades
  3789 | D:4      | Noticed Natasha
  3808 | D:4      | Killed Natasha
  3809 | D:4      | Reached XP level 7. HP: 36/36 MP: 8/8
  3828 | D:5      | Entered Level 5 of the Dungeon
  3953 | D:5      | Found a staircase to the Ecumenical Temple.
  3973 | Temple   | Entered the Ecumenical Temple
  3986 | Temple   | Became a worshipper of Warmaster Okawaru
  4076 | D:5      | Reached skill level 7 in Long Blades
  4149 | D:5      | Found a runed translucent door.
  4151 | D:5      | Noticed Crazy Yiuf
  4275 | D:5      | Found Nilu's Armour Shoppe.
  4290 | D:5      | Found Joroan's Armour Shoppe.
  4360 | D:5      | Found a transporter.
  4385 | D:5      | Found a transporter.
  4386 | D:5      | Noticed Pashador's ghost (novice GnWr)
  4507 | D:5      | Bought a +0 buckler of reflection for 102 gold pieces
  4550 | D:6      | Noticed Blork the orc
  4557 | D:6      | Killed Blork the orc
  4558 | D:6      | Reached skill level 5 in Fighting
  4558 | D:6      | Gained mutation: You have razor-sharp teeth. [Vine Stalker
                  | growth]
  4558 | D:6      | Reached XP level 8. HP: 32/43 MP: 5/9
  4589 | D:6      | Found a shadowy altar of Dithmenos.
  4591 | D:6      | Noticed Maggie
  4707 | D:6      | Reached * piety under Okawaru
  4708 | D:6      | Reached skill level 1 in Invocations
  4922 | D:6      | Killed Maggie
  5081 | D:5      | Killed Crazy Yiuf
  5240 | D:6      | Reached ** piety under Okawaru
  5399 | D:6      | Reached XP level 9. HP: 47/47 MP: 12/12
  5577 | D:7      | Noticed Harold
  5595 | D:7      | Killed Harold
  5596 | D:7      | Reached skill level 5 in Armour
  5596 | D:7      | Reached skill level 5 in Invocations
  5665 | D:7      | Reached skill level 5 in Shields
  5757 | D:7      | Reached *** piety under Okawaru
  5861 | D:7      | Noticed Joseph
  5888 | D:7      | Killed Joseph
  5889 | D:7      | Reached skill level 8 in Long Blades
  6190 | D:7      | Identified the ring of Spring {rPois Will+ Dex+3 Slay+4
                  | Stlth+}
  6326 | D:7      | Reached XP level 10. HP: 48/51 MP: 12/14
  6445 | D:7      | Reached skill level 9 in Long Blades
  6498 | D:7      | Reached **** piety under Okawaru
  6609 | D:8      | Noticed Grum
  6625 | D:8      | Killed Grum
  6747 | D:8      | Noticed a two-headed ogre
  6754 | D:8      | Killed a two-headed ogre
  6755 | D:8      | Reached skill level 10 in Long Blades
  6780 | D:8      | Found the +8 woodcutter's axe {vorpal}
  6801 | D:8      | Reached ***** piety under Okawaru
  7067 | D:8      | Found a glowing golden altar of the Shining One.
  7448 | D:9      | Noticed a skeletal warrior
  7450 | D:9      | Noticed a skeletal warrior
  7451 | D:9      | Noticed a skeletal warrior
  7483 | D:9      | Found a sparkling altar of Nemelex Xobeh.
  7483 | D:9      | Found an opulent altar of Gozag.
  7707 | D:9      | Noticed a two-headed ogre
  7720 | D:9      | Killed a two-headed ogre
  7720 | D:9      | Received a gift from Okawaru
  7721 | D:9      | Reached XP level 11. HP: 39/60 MP: 15/15
  7780 | D:9      | Noticed a skeletal warrior
  7833 | D:8      | Killed a skeletal warrior
  7981 | D:9      | Found a radiant altar of Vehumet.
  8038 | D:9      | Killed a skeletal warrior
  8275 | D:9      | Killed a skeletal warrior
  8372 | D:8      | Killed a skeletal warrior
  8521 | D:10     | Entered Level 10 of the Dungeon
  8630 | D:10     | Found a staircase to the Lair.
  8717 | D:10     | Found a staircase to the Orcish Mines.
  8788 | D:10     | Noticed an obsidian statue
  9060 | D:10     | Found an ancient bone altar of Kikubaaqudgha.
  9064 | D:10     | Found a broken altar of Ashenzari.
  9067 | D:10     | Identified a scroll of acquirement
  9069 | D:10     | Acquired a +3 double sword of holy wrath
  9077 | D:10     | Found a hide-covered altar of Uskayaw.
  9077 | D:10     | Found a burning altar of Makhleb.
  9426 | D:11     | Noticed a two-headed ogre
  9433 | D:11     | Killed a two-headed ogre
  9523 | D:11     | Noticed a six-headed hydra
  9645 | D:11     | Noticed a six-headed hydra
  9645 | D:11     | Noticed a two-headed ogre
  9645 | D:11     | Noticed Sonja
  9698 | D:10     | Killed a two-headed ogre
  9699 | D:10     | Reached skill level 10 in Fighting
  9741 | Lair:1   | Entered Level 1 of the Lair of Beasts
  9849 | Lair:1   | Reached XP level 12. HP: 50/67 MP: 12/16
  9974 | Lair:1   | Reached skill level 11 in Long Blades
 10124 | Lair:1   | Received a gift from Okawaru
 10432 | Lair:2   | Noticed Nergalle
 10439 | Lair:2   | Killed Nergalle
 10482 | Lair:2   | Mangled by a blink frog

Illustrated notes

Levels and vault maps discovered:
D:1:      minmay_arrival_stone_box, layout_loops_corners, serial_shops,
          nicolae_shop_hallway_plus, solitary_fountain, minmay_cupped
D:2:      layout_basic, serial_shops, shop, minmay_rat_hole
D:3:      layout_loops_ring, lemuel_crystal_altar
D:4:      layout_basic, mainiacjoe_overflow_large_starburst, st_stairs_8,
          uniq_natasha, uniq_edmund, uniq_menkaure
D:5:      layout_cave_pools, minmay_temple_entry_hall,
          gammafunk_ghost_mausoleum, nicolae_wooded_promenade,
          uniq_crazy_yiuf_cottage
D:6:      layout_rooms, nicolae_dithmenos_through_a_glass_darkly, serial_curves,
          eino_curves_03, eino_curves_03, minmay_misc_feat_rows,
          uniq_blork_the_orc, uniq_maggie
D:7:      layout_basic, uniq_joseph, uniq_harold
D:8:      layout_loops_cross, mainiacjoe_overflow_surrounded_room, uniq_grum
D:9:      layout_irregular_city, grunt_temple_overflow_opulence, kennysheep_mini
D:10:     layout_grid_maze, grunt_temple_overflow_open, david_lair_shrubbed,
          david_orc_2, minivault_16, nrook_campfire
D:11:     layout_loops_ring, uniq_sonja, uniq_erolcha
Temple:   eino_temple_lava
Lair:1:   wander_river, layout_chaotic_city, nicolae_quartered_pool_impasse
Lair:2:   layout_cave_pods, uniq_nergalle

Skill      XL: |  1  2  3  4  5  6  7  8  9 10 11 12 |
---------------+-------------------------------------+-----
Fighting       | 3 5 8 10 | 10.7
Long Blades    | 2 3 4 5 6 7 8 10 11 | 11.5
Invocations    | 3 5 |  5.0
Armour         | 4 5 |  5.0
Shields        | 3 5 6 8 |  8.0

Action                   |  1- 3 |  4- 6 |  7- 9 | 10-12 || total
-------------------------+-------+-------+-------+-------++-------
Melee: Long sword        |   111 |   121 |   272 |   317 ||   821
       Bite              |    26 |    32 |    84 |   158 ||   300
       Double sword      |       |       |       |   115 ||   115
Invok: Heroism           |       |       |     2 |     6 ||     8
       Finesse           |       |       |       |     1 ||     1
  Use: Scroll            |     2 |     1 |     4 |     6 ||    13
       Potion            |       |     1 |     1 |       ||     2
 Stab: Distracted        |       |       |       |     1 ||     1
Armor: Scale mail        |    37 |    65 |   111 |   175 ||   388
Dodge: Dodged            |    30 |    49 |   109 |   143 ||   331
Block: Buckler           |    16 |    24 |    72 |   128 ||   240
       Reflection        |       |       |       |     6 ||     6
